 Dungeon Crawl Stone Soup version 0.18-a0-717-g59c076b (webtiles) character file.

4620 JaxxOn the Ducker (level 10, -6/83 HPs)
             Began as a Demonspawn Chaos Knight on Dec 7, 2015.
             Mangled by a hill giant
             ... wielding a +0 giant club
              (26 damage)
             ... on level 8 of the Dungeon on Dec 8, 2015.
             The game lasted 01:40:36 (5920 turns).

JaxxOn the Ducker (Demonspawn Chaos Knight)         Turns: 5920, Time: 01:40:37

Health: -6/83      AC: 10    Str: 23    XL:     10   Next: 19%
Magic:  17/17      EV: 11    Int: 13    God:    Xom [*.....]
Gold:   592        SH: 16    Dex: 17    Spells: 4 memorised, 11 levels left

rFire  . . .     SeeInvis .     a - +2 hand axe (chaos)
rCold  . . .     Clarity  .     b - +3 leather armour
rNeg   . . .     SustAt   .     A - +2 large shield
rPois  .         Gourm    .     D - +2 hat
rElec  .         Spirit   .     (no cloak)
rCorr  .         Dismiss  .     v - +0 pair of gloves
rMut   .         Stasis   .     (no boots)
MR     .....                    F - amulet of regeneration {Life to some, Death to Others}
Stlth  ++........               (no ring)
                                r - +6 ring of strength {The meek may rule the earth, but the strong will rule them}

@: mighty, drained, not resistant to hostile enchantments, unstealthy
A: antennae 2, rugged brown scales 1, agile 1, blink, breathe flames 1, mutation
resistance 1, powered by death 1, robust 1, weak 1, sturdy frame 1
a: Blink, Renounce Religion, Breathe Fire


You were on level 8 of the Dungeon.
You worshipped Xom.
You were a special plaything of Xom.
You were not hungry.

You visited 1 branch of the dungeon, and saw 8 of its levels.

You collected 592 gold pieces.

Inventory:

Hand Weapons
 a - a +2 hand axe of chaos (weapon)
 j - a +1 dagger of flaming
 s - the +3 hand axe of Classification {freeze, rC- MR+ MP+9 Str+2, This is a weapon determined to freeze, this is a weapon determined to please}
   (You found it on level 4 of the Dungeon)

   It has been specially enchanted to freeze those struck by it, causing extra
   injury to most foes and up to half again as much damage against particularly
   susceptible opponents.
   It can also slow down cold-blooded creatures.
   It affects your strength (+2).
   It makes you vulnerable to cold.
   It affects your resistance to hostile enchantments.
   It affects your magic capacity (+9).
 y - a +1 flail of protection
 K - a +0 blowgun
Missiles
 d - 74 poisoned needles
 k - 3 tomahawks (quivered)
Armour
 b - a +3 leather armour (worn)
 v - a +0 pair of gloves (worn)
 A - a +2 large shield (worn)
 D - a +2 hat (worn)
Magical Staves
 E - an uncursed staff of summoning
Jewellery
 r - a +6 ring of strength (left hand) {The meek may rule the earth, but the strong will rule them}
 F - an amulet of regeneration (around neck) {Life to some, Death to Others}
 I - an uncursed amulet of the gourmand
Wands
 z - a wand of enslavement (9)
 C - a wand of lightning (7)
 H - a wand of confusion (24)
 J - a wand of disintegration (1)
Scrolls
 B - 2 scrolls of remove curse
Potions
 e - 6 potions of curing
 g - 2 potions of agility
 i - a potion of cure mutation {unknown}
 l - 2 potions of brilliance
 n - 2 potions of haste
 o - a potion of degeneration {unknown}
 x - a potion of invisibility {unknown}
 G - a potion of lignification {unknown}
Books
 q - a book of Maledictions

   Spells                             Type                      Level
   a - Corona                         Hexes                        1
   b - Ensorcelled Hibernation        Hexes/Ice                    2
   c - Confuse                        Hexes                        3
   d - Tukima's Dance                 Hexes                        3
   e - Dazzling Spray                 Conjuration/Hexes            3
 t - a book of Air

   Spells                             Type                      Level
   a - Shock                          Conjuration/Air              1
   b - Swiftness                      Charms/Air                   2
   c - Repel Missiles                 Charms/Air                   2
   d - Static Discharge               Conjuration/Air              3
   e - Lightning Bolt                 Conjuration/Air              5
Comestibles
 c - 5 bread rations
 f - 4 meat rations
 p - a beef jerky
 w - a slice of pizza


   Skills:
 + Level 5.3(5.1) Fighting
 + Level 5.6(5.4) Axes
 + Level 2.7(2.5) Throwing
 + Level 3.9(3.7) Armour
 + Level 6.2(6.0) Dodging
 + Level 2.7(2.5) Stealth
 + Level 3.3(3.1) Shields
 * Level 5.3(5.1) Spellcasting
 * Level 5.2(5.0) Conjurations
 + Level 2.3(2.1) Air Magic
 + Level 1.4(1.2) Evocations


You had 11 spell levels left.
You knew the following spells:

 Your Spells              Type           Power        Failure   Level  Hunger
a - Shock                 Conj/Air       ##..         82%         1    None
b - Repel Missiles        Chrm/Air       #.....       100%        2    ##.....
c - Ensorcelled Hibernat  Hex/Ice        #.....       100%        2    ##.....
d - Tukima's Dance        Hex            #.......     100%        3    ###....


Dungeon Overview and Level Annotations

Branches:
Dungeon (8/15)             Temple (0/1) D:7
   Lair: D:8-11

Altars:
Cheibriados
Dithmenos
Fedhas
Gozag
Kikubaaqudgha
Nemelex Xobeh
Pakellas
Vehumet
Yredelemnul


Innate Abilities, Weirdness & Mutations

You have a pair of antennae on your head.
You are partially covered in rugged brown scales (AC +1, +3% HP).
You regenerate a little health from kills.
You are agile. (Dex +2)
You can translocate small distances at will.
You can breathe flames.
You are somewhat resistant to further mutation.
You are robust (+10% HP).
You are weak. (Str -2)
Your movements are slightly less encumbered by armour (ER -2).


Message History

Your shield prevents you from hitting the hill giant.
You block the hill giant's attack.
You hit the hill giant.
The hill giant seems to slow down.
The hill giant is lightly wounded.
The hill giant is no longer moving slowly.
The hill giant hits you with a giant club!!
You hit the hill giant.
The hill giant flickers and vanishes!
Deactivating autopickup; reactivate with Ctrl-A.
Something hits you!!
* * * LOW HITPOINT WARNING * * *
Read which item? (? for menu, Esc to quit)
Okay, then.
Drink which item? (? for menu, Esc to quit)
You feel very mighty all of a sudden.
Drink which item? (? for menu, Esc to quit)
You feel much better. Something hits you!
* * * LOW HITPOINT WARNING * * *
You emit a cloud of colourful smoke!
You slash something! You burn something. Something hits you!!
You die...

## #.
######################.
#......................
#....§.........).......
###..§@########........
#...{§......#........
#....)......#........
####........#####....
#(....... #....
#........ #....
######### #..(. #....
####### #....


There were no monsters in sight!

Vanquished Creatures
  Sigmund (D:5)
  A wyvern (D:8)
  5 yaks (D:8)
  A hippogriff (D:8)
  A naga (D:7)
  2 phantoms (D:6)
  A sky beast (D:7)
  A necrophage (D:6)
  2 ogres
  An orc warrior (D:6)
  3 ice beasts (D:6)
  5 centaurs
  Blork the orc (D:5)
  A big kobold (D:7)
  2 giant frogs (D:7)
  A scorpion (D:8)
  4 killer bees (D:7)
  5 crimson imps
  A giant frog zombie (D:5)
  2 hounds
  2 jellies (D:7)
  2 orc priests
  3 centaur skeletons
  6 orc wizards
  7 worker ants
  2 killer bee zombies
  A hound skeleton (D:6)
  8 adders
  3 gnolls (D:8)
  2 oozes
  2 adder zombies (D:5)
  A worm (D:3)
  8 giant geckos
  18 orcs
  13 bats
  3 giant cockroaches
  6 goblins
  5 hobgoblins
  4 jackals (D:2)
  5 quokkas
  A giant gecko zombie (D:7)
  3 giant newts
  11 kobolds
  A quokka skeleton (D:4)
  5 rats
163 creatures vanquished.

Vanquished Creatures (collateral kills)
  A hill giant (D:8)
  An ogre (D:6)
  A necrophage (D:7)
  A crimson imp (D:8)
  An orc wizard (D:5)
  An orc priest (D:6)
  2 centaur skeletons
  An orc (D:5)
  A kobold (D:7)
10 creatures vanquished.

Vanquished Creatures (others)
  An orc (D:6)
  A hobgoblin (D:2)
2 creatures vanquished.

Grand Total: 175 creatures vanquished

Notes
Turn   | Place    | Note
--------------------------------------------------------------
     0 | D:1      | JaxxOn the Demonspawn Chaos Knight began the quest for the Orb.
     0 | D:1      | Reached XP level 1. HP: 18/18 MP: 1/1
     8 | D:1      | Reached skill level 1 in Dodging
    51 | D:1      | Gained mutation: You regenerate a little health from kills. [demonic ancestry]
    51 | D:1      | Reached XP level 2. HP: 17/24 MP: 2/2
    93 | D:1      | XOM: harmless Hex miscast
   103 | D:1      | XOM: silly message
   447 | D:1      | XOM: god gift: 3 meat rations
   531 | D:1      | XOM: fog
   730 | D:1      | Gained mutation: You are robust (+10% HP). [potion of beneficial mutation]
   792 | D:2      | Gained mutation: You have a pair of small antennae on your head. [demonic ancestry]
   792 | D:2      | Reached XP level 3. HP: 31/31 MP: 3/3
  1073 | D:2      | XOM: fake destruction
  1269 | D:2      | Found a sparkling altar of Nemelex Xobeh.
  1395 | D:3      | Reached XP level 4. HP: 37/39 MP: 4/4
  1548 | D:3      | Upgraded the game from 0.18-a0-715-g1debe3e to 0.18-a0-717-g59c076b
  1611 | D:3      | Found a snail-covered altar of Cheibriados.
  1668 | D:3      | Reached XP level 5. HP: 42/46 MP: 5/5
  1684 | D:3      | XOM: god gift: potion of curing
  1897 | D:3      | XOM: give mutations
  1897 | D:3      | Gained mutation: You can spit weak poison. [Xom's grace]
  1897 | D:3      | Gained mutation: Your movements are slightly less encumbered by armour (ER -2). [Xom's grace]
  1897 | D:3      | Gained mutation: You are agile. (Dex +2) [Xom's grace]
  1897 | D:3      | Gained mutation: You can spit poison. [Xom's grace]
  2004 | D:4      | Found a shadowy altar of Dithmenos.
  2108 | D:4      | Got a brightly glowing hand axe
  2147 | D:4      | Identified the +3 hand axe of Classification {freeze, rC- MR+ MP+9 Str+2} (You found it on level 4 of the Dungeon)
  2242 | D:4      | Gained mutation: You are partially covered in rugged brown scales (AC +1, +3% HP). [demonic ancestry]
  2242 | D:4      | Reached XP level 6. HP: 42/54 MP: 6/6
  2244 | D:4      | XOM: give mutations
  2244 | D:4      | Gained mutation: You can translocate small distances at will. [Xom's grace]
  2244 | D:4      | Lost mutation: You can spit poison. [Xom's grace]
  2244 | D:4      | Lost mutation: You can spit weak poison. [Xom's grace]
  2244 | D:4      | Gained mutation: You can breathe flames. [Xom's grace]
  2310 | D:4      | XOM: 2-stop teleportation journey
  2406 | D:4      | Reached skill level 4 in Axes
  2411 | D:4      | Learned a level 1 spell: Shock
  2414 | D:4      | Learned a level 2 spell: Repel Missiles
  2584 | D:5      | Entered Level 5 of the Dungeon
  2592 | D:5      | Noticed Blork the orc
  2603 | D:5      | Killed Blork the orc
  2603 | D:5      | Reached skill level 1 in Throwing
  2650 | D:5      | Noticed Sigmund
  2662 | D:5      | XOM: vitrification
  2664 | D:5      | Killed Sigmund
  2664 | D:5      | Reached skill level 1 in Stealth
  2664 | D:5      | Reached skill level 1 in Spellcasting
  2664 | D:5      | Reached skill level 1 in Conjurations
  2664 | D:5      | Reached skill level 1 in Air Magic
  2664 | D:5      | Reached XP level 7. HP: 53/61 MP: 8/8
  2733 | D:5      | XOM: summons 5 friendly demons
  2921 | D:5      | Found a radiant altar of Vehumet.
  2932 | D:5      | Found a basalt altar of Yredelemnul.
  2935 | D:5      | Found a blossoming altar of Fedhas.
  2938 | D:5      | Found an ancient bone altar of Kikubaaqudgha.
  3136 | D:6      | XOM: summons 3 friendly demons
  3194 | D:6      | XOM: god gift: 44 gold pieces
  3561 | D:6      | Reached XP level 8. HP: 68/68 MP: 12/12
  3602 | D:6      | XOM: summons 3 friendly demons
  3893 | D:6      | XOM: confuse monster(s)
  3899 | D:6      | XOM: cast spell 'Cause Fear'
  3917 | D:6      | Reached skill level 1 in Shields
  3974 | D:6      | Found an opulent altar of Gozag.
  4027 | D:6      | XOM: divination: detect creatures
  4028 | D:6      | XOM: fog
  4029 | D:6      | XOM: summons 8 friendly demons
  4262 | D:6      | Reached skill level 1 in Evocations
  4319 | D:6      | Reached skill level 5 in Dodging
  4396 | D:7      | XOM: polymorph big kobold -> naga
  4406 | D:7      | XOM: potion effect (might)
  4409 | D:7      | Reached XP level 9. HP: 61/75 MP: 15/15
  4438 | D:7      | XOM: swap monsters
  4489 | D:7      | Found a staircase to the Ecumenical Temple.
  4647 | D:7      | Reached skill level 5 in Fighting
  4647 | D:7      | Reached skill level 5 in Axes
  4653 | D:7      | Gained mutation: You are somewhat resistant to further mutation. [mutagenic meat]
  4655 | D:7      | Gained mutation: You are weak. (Str -2) [mutagenic meat]
  4691 | D:7      | Found an oddly glowing altar of Pakellas.
  4796 | D:7      | XOM: god gift: blowgun {god gift}
  4828 | D:7      | XOM: enchant monster (bad)
  5077 | D:8      | XOM: harmless Conj miscast
  5088 | D:8      | XOM: enchant monster (bad)
  5215 | D:8      | XOM: medium Tloc miscast
  5489 | D:8      | Noticed a hill giant
  5493 | D:8      | XOM: summons 7 friendly demons
  5499 | D:8      | Killed a hill giant
  5499 | D:8      | Reached skill level 6 in Dodging
  5499 | D:8      | Reached skill level 5 in Conjurations
  5534 | D:8      | Learned a level 2 spell: Ensorcelled Hibernation
  5538 | D:8      | Learned a level 3 spell: Tukima's Dance
  5600 | D:8      | XOM: medium Necr miscast
  5773 | D:8      | XOM: summons 2 friendly demons
  5777 | D:8      | Reached skill level 5 in Spellcasting
  5777 | D:8      | Gained mutation: You have a pair of antennae on your head. [demonic ancestry]
  5777 | D:8      | Reached XP level 10. HP: 76/83 MP: 17/17
  5783 | D:8      | XOM: mild Ice miscast
  5909 | D:8      | Noticed a hill giant
  5911 | D:8      | XOM: divination: detect creatures
  5919 | D:8      | XOM: smoke on damage
  5920 | D:8      | Mangled by a hill giant

Vault maps used:
D:1:      saegor_arrival_simple_f
D:2:      lemuel_coloured_pillars_altar, first_bread
D:3:      cheibriados_altar_1, serial_bayou_pond_a, kennysheep_generic_room_2
D:4:      nicolae_dithmenos_through_a_glass_darkly
D:5:      grunt_temple_overflow_cloverleaf, uniq_blork_the_orc, uniq_sigmund
D:6:      lemuel_tele_altar
D:7:      minmay_temple_entry_large_hall, hangedman_decor_peaks_small,
          johnstein_pakellas_dig
D:8:      st_stairs_5

Action                   |  1- 3 |  4- 6 |  7- 9 | 10-12 || total
-------------------------+-------+-------+-------+-------++-------
Melee: Hand axe          |    96 |   137 |   340 |    57 ||   630
       Staff             |       |       |     4 |       ||     4
       Blowgun           |       |       |     1 |       ||     1
 Fire: Blowgun           |       |       |    31 |       ||    31
Throw: Tomahawk          |       |    11 |    24 |       ||    35
 Cast: Shock             |       |     9 |    15 |       ||    24
 Abil: Spit Poison       |       |     1 |       |       ||     1
       Blink             |       |       |     2 |       ||     2
       Breathe Fire      |       |       |     1 |     1 ||     2
Evoke: Wand              |       |       |    11 |       ||    11
  Use: Scroll            |     5 |     4 |    16 |       ||    25
       Potion            |     1 |     3 |     9 |     2 ||    15
 Stab: Petrifying        |     1 |       |       |       ||     1
       Paralysed         |       |     2 |       |       ||     2
       Confused          |       |       |     1 |       ||     1
       Sleeping          |       |       |     7 |       ||     7
       Distracted        |       |       |     1 |       ||     1
  Eat: Meat ration       |     1 |     1 |       |       ||     2
       Pizza             |       |       |     1 |       ||     1
       Bread ration      |       |       |     2 |       ||     2
       Chunk             |       |       |     4 |       ||     4
